 Dungeon Crawl Stone Soup version 0.32-a0-656-g3542139ebd (webtiles) character file.

Game seed: 5836594738466783998

1206 jestert79 the Summoner (level 8, 0/52 HPs)
             Began as a Merfolk Summoner on Mar 8, 2024.
             Was a Follower of Dithmenos.
             Slain by a bullfrog (2 damage)
             ... on level 6 of the Dungeon on Mar 9, 2024.
             The game lasted 00:22:49 (5597 turns).

jestert79 the Summoner (Merfolk Summoner)           Turns: 5597, Time: 00:22:50

Health: 0/52       AC:  3    Str:  8    XL:     8   Next: 45%
Magic:  11/11      EV: 12    Int: 17    God:    Dithmenos [*.....]
Gold:   289        SH:  0    Dex: 14    Spells: 5/11 levels left

rFire   + . .        A - +0 trident
rCold   . . .        (no shield)
rNeg    . . .        a - +0 robe
rPois   .            (no helmet)
rElec   .            g - +0 cloak
rCorr   .            (no gloves)
SInv    .            (no boots)
Will    .....        (no amulet)
Stlth   +++          j - ring of protection from fire
HPRegen 0.28/turn    (no ring)
MPRegen 0.12/turn

%: no passive effects
@: wreathed by umbra
A: (nimble swimmer 2), mertail
a: Renounce Religion


You were on level 6 of the Dungeon.
You worshipped Dithmenos.
Dithmenos was aware of your devotion.
You visited 1 branch of the dungeon, and saw 6 of its levels.
You also visited: Ossuary.

You collected 289 gold pieces.

Inventory:

Hand Weapons
 d - a +0 dagger
 u - a +0 rapier
 A - a +0 trident (weapon)
Missiles
 o - 13 poisoned darts
Armour
 a - a +0 robe (worn)
 g - a +0 cloak (worn)
Jewellery
 j - a ring of protection from fire (left hand)
 k - a ring of fire
Scrolls
 c - a scroll of teleportation
 h - a scroll of blinking
 l - 2 scrolls of fog
 r - a scroll of poison {unknown}
 v - 5 scrolls of revelation {unknown}
 w - a scroll of noise {unknown}
 y - 3 scrolls of amnesia {unknown}
Potions
 b - a potion of magic
 f - 2 potions of brilliance
 i - a potion of attraction
 m - a potion of mutation {unknown}
 n - 2 potions of enlightenment
 p - 2 potions of curing {unknown}
 q - a potion of resistance
 s - a potion of might
 t - 2 potions of heal wounds
 x - 2 potions of ambrosia {unknown}
 z - a potion of degeneration {unknown}


   Skills:
 * Level 3.9 Polearms
 - Level 2.6 Dodging
 - Level 3.0 Stealth
 - Level 2.0 Spellcasting
 - Level 10.0 Summonings


You had 5 spell levels left.
You knew the following spells:

 Your Spells              Type           Power      Damage    Failure   Level
a - Summon Small Mammal   Summ           100%       N/A       1%          1
b - Call Imp              Summ           70%        N/A       1%          2
c - Call Canine Familiar  Summ           35%        N/A       1%          3

Your spell library contained the following spells:

 Spells                   Type           Power      Damage    Failure   Level
 Magic Dart               Conj           4%         1d3       19%         1
 Summon Blazeheart Golem  Fire/Summ      18%        N/A       24%         4
 Summon Lightning Spire   Summ/Air       18%        N/A       24%         4
 Blink                    Tloc           2%         N/A       28%         2
 Ensorcelled Hibernation  Hex/Ice        2%         N/A       28%         2
 Lesser Beckoning         Tloc           2%         N/A       28%         2
 Momentum Strike          Conj/Tloc      2%         3d8       28%         2
 Passwall                 Erth           1%         N/A       50%         3
 Swiftness                Air            1%         N/A       50%         3


Dungeon Overview and Level Annotations

Branches:
Dungeon (6/15)             Temple (0/1) D:5         Ossuary (visited)

Altars:
Dithmenos
Makhleb
Sif Muna
Trog


Innate Abilities, Weirdness & Mutations

((You are very nimble when in or above water. (Stealth+, EV+, Speed+++)))
Your lower body shifts to a powerful aquatic tail in water.


Message History

The bullfrog is severely wounded.
The bullfrog closely misses you. The bullfrog barely misses you.
You closely miss the bullfrog.
The bullfrog is severely wounded.
The bullfrog hits you. x2
You barely miss the bullfrog.
The bullfrog is severely wounded.
The bullfrog hits you.
You are too injured to fight recklessly!
You are too injured to fight recklessly!
You barely miss the bullfrog.
The bullfrog is severely wounded.
The bullfrog closely misses you. The bullfrog barely misses you.
Unknown command.
You closely miss the bullfrog.
The bullfrog is severely wounded.
The bullfrog misses you. The bullfrog closely misses you.
Unknown command.
You barely miss the bullfrog.
The bullfrog is severely wounded.
The bullfrog hits you!
You closely miss the bullfrog.
The bullfrog is severely wounded.
The bullfrog hits you. The bullfrog hits you!
* * * LOW HITPOINT WARNING * * *
Unknown command.
You closely miss the bullfrog.
The bullfrog is severely wounded.
The bullfrog closely misses you. The bullfrog misses you.
Unknown command.
You puncture the bullfrog!
The bullfrog is almost dead.
The bullfrog hits you!
* * * LOW HITPOINT WARNING * * *
Unknown command.
Unknown command.
You barely miss the bullfrog.
The bullfrog is almost dead.
The bullfrog hits you.
You die...

.. #.##### .
#...F.## .#
#@.# . ##.# .#
#.##.# #...<###
##.....#
###..###$.#
########...##
.#
#....#.....##
##...........##


You could see a bullfrog.

Vanquished Creatures
  An orc warrior (D:4)
  A hound (D:4)
  Jessica (D:3)
  2 iguanas (D:5)
  A hound zombie (Ossuary)
  A gnoll (D:1)
  An adder zombie (Ossuary)
  4 dart slugs
  A ribbon worm (D:4)
  An orc (D:4)
  5 ball pythons
  5 bats
  8 endoplasms
  2 giant cockroaches
  2 goblins
  5 hobgoblins
  5 jackals
  2 kobolds
  A quokka (D:5)
  A ball python zombie (Ossuary)
  A frilled lizard (D:2)
  2 jackal zombies (Ossuary)
  A kobold zombie (Ossuary)
  2 rats
56 creatures vanquished.

Vanquished Creatures (collateral kills)
  A kobold brigand (D:5)
  2 elf zombies (Ossuary)
  A bullfrog (D:6)
  2 scorpions
  A burial acolyte (Ossuary)
  2 centaur zombies (Ossuary)
  A hound (D:5)
  4 jellies
  A bombardier beetle (D:4)
  An iguana (D:5)
  An orc wizard (D:5)
  A killer bee zombie (Ossuary)
  A crocodile zombie (Ossuary)
  A hound zombie (Ossuary)
  3 mummies (Ossuary)
  3 adders
  3 adder zombies (Ossuary)
  A dart slug (D:1)
  An orc (D:5)
  3 ball pythons
  A bat (D:1)
  2 endoplasms (D:1)
  3 giant cockroaches
  A hobgoblin (D:1)
  4 jackals
  5 quokkas
  3 ball python zombies (Ossuary)
  2 frilled lizards
  4 gnoll zombies (Ossuary)
  3 goblins (D:1)
  5 jackal zombies (Ossuary)
  13 kobolds
  3 kobold zombies (Ossuary)
  2 rats (D:2)
85 creatures vanquished.

Grand Total: 141 creatures vanquished

Notes
Turn   | Place    | Note
-------+----------+-------------------------------------------
     0 | D:1      | jestert79 the Merfolk Summoner began the quest for the Orb.
     0 | D:1      | Reached XP level 1. HP: 13/13 MP: 3/3
   224 | D:1      | Reached XP level 2. HP: 19/19 MP: 1/5
   227 | D:1      | Learned a level 2 spell: Call Imp
   364 | D:1      | Reached XP level 3. HP: 4/24 MP: 3/6
   760 | D:1      | Reached skill level 5 in Summonings
   871 | D:1      | Reached XP level 4. HP: 12/30 MP: 2/7
   960 | D:2      | Learned a level 3 spell: Call Canine Familiar
   960 | D:2      | Found a faded altar of an unknown god.
  1577 | D:3      | Noticed Jessica
  2254 | D:3      | Killed Jessica
  2255 | D:3      | Reached skill level 6 in Summonings
  2255 | D:3      | Reached XP level 5. HP: 35/35 MP: 8/8
  2397 | D:4      | Found a shadowy altar of Dithmenos.
  3017 | D:4      | Reached XP level 6. HP: 29/41 MP: 0/9
  3119 | D:4      | Became a worshipper of Dithmenos the Shadowed
  3153 | D:4      | Reached skill level 7 in Summonings
  3192 | D:4      | Found a burning altar of Makhleb.
  3192 | D:4      | Noticed a cacodemon
  3401 | D:5      | Entered Level 5 of the Dungeon
  3522 | D:5      | Found a staircase to the Ecumenical Temple.
  3610 | D:5      | Found a bloodstained altar of Trog.
  3635 | D:5      | Found a sand-covered staircase.
  3651 | D:5      | Reached skill level 8 in Summonings
  3651 | D:5      | Reached XP level 7. HP: 32/46 MP: 5/10
  3698 | Ossuary  | Entered an ossuary
  4047 | Ossuary  | Reached skill level 9 in Summonings
  4084 | Ossuary  | Reached * piety under Dithmenos
  4396 | D:5      | Reached XP level 8. HP: 52/52 MP: 5/11
  4768 | D:5      | Found a shimmering blue altar of Sif Muna.
  5003 | D:5      | Reached skill level 10 in Summonings
  5596 | D:6      | HP: 2/52 [bullfrog (7)]
  5597 | D:6      | Slain by a bullfrog

Illustrated notes

Levels and vault maps discovered:
D:1:      dpeg_arrival_signposts, layout_rooms, dreamdust_mushroom_princess
D:2:      layout_rooms, ebering_ecumenical_altar_petrified
D:3:      layout_basic, uniq_jessica
D:4:      layout_loops_ring, makhleb_altar_promises_db,
          nicolae_dithmenos_shadow_blocks
D:5:      layout_rooms, hellmonk_overflow_destroyed_library,
          minmay_temple_entry_large_hall, nicolae_ossuary_entry_monument,
          nicolae_nh_ransacked_shop
D:6:      layout_rooms, gup_sewer_entry_bubbles, uniq_blork_the_orc,
          uniq_eustachio

Skill      XL: |  1  2  3  4  5  6  7  8 |
---------------+-------------------------+-----
Stealth        | 3 |  3.0
Summonings     | 5 6 8 9 10 | 10.0
Polearms       | 3 |  3.9
Dodging        | |  2.6
Spellcasting   | |  2.0

Action                     |  1- 3 |  4- 6 |  7- 9 || total
---------------------------+-------+-------+-------++-------
  Melee: Dagger            |    95 |   218 |    89 ||   402
         Trident           |       |       |    29 ||    29
   Cast: Summon Small Mamm |    21 |     9 |     2 ||    32
         Call Imp          |     4 |    16 |    15 ||    35
         Call Canine Famil |       |     4 |    13 ||    17
    Use: Scroll            |       |     5 |     3 ||     8
         Potion            |       |     3 |     2 ||     5
   Stab: Distracted        |     1 |     2 |     4 ||     7
         Sleeping          |     4 |     8 |     1 ||    13
 Armour: Robe              |    53 |   112 |   102 ||   267
  Dodge: Dodged            |    98 |   170 |    81 ||   349

Table legend: (Time is in decaauts)
 A = Elapsed time spent in this place.
 B = Non-inter-level travel time spent in this place.
 C = Inter-level travel time spent in this place.
 D = Time resting spent in this place.
 E = Time spent auto-exploring this place.
 F = Levels seen in this place.
 G = Mean time per level.
                   A        B        C        D        E       F      G
               +--------+--------+--------+--------+--------+-----+--------+
         Total |   5610 |   5318 |    292 |   1128 |   2322 |   7 |  801.4 |
       Dungeon |   4960 |   4668 |    292 |   1002 |   2201 |   6 |  826.7 |
       Ossuary |    649 |    649 |      0 |    126 |    121 |   1 |  649.0 |
               +--------+--------+--------+--------+--------+-----+--------+

Top non-repeatable levels by time:
     D:4: 1490 daAuts
     D:1: 993 daAuts
     D:5: 977 daAuts
     D:3: 867 daAuts
 Ossuary: 649 daAuts
     D:2: 483 daAuts
     D:6: 147 daAuts
